Cogmind - Beta 13 @@@ ROGUE MODE // 2024.04.04 @ 14:31:12 Player: Lunace Result: Destroyed by X-62 Marksman with Gauss Rifle Performance ------------- Evolutions (2) 1000 Regions Visited (4) 800 Robots Destroyed (23) 115 Value Destroyed (651) 651 Prototype IDs (3) 60 Alien Tech Used (0) 0 Bonus (200) 200 TOTAL SCORE: 2826 Bonus ------- Entered Garrisons 200 Cogmind --------- Core Integrity 0/550 Matter 269/300 Energy 100/100 System Corruption 0% Temperature Cool (0) Movement Core (50) Location -8/Garrison Parts ------- > --- POWER (1) -------- (None) > --- PROPULSION (4) --- (None) > --- UTILITY (4) ------ Visual Processing Unit > --- WEAPON (2) ------- Light Assault Rifle Light Assault Rifle > --- INVENTORY (5) ---- Sensor Array Improved Terrain Scanner Peak State ------------ > --- POWER ------------ Improved Ion Engine > --- PROPULSION ------- Aluminum Leg Aluminum Leg Improved Aluminum Leg Improved Aluminum Leg > --- UTILITY ---------- Visual Processing Unit Sensor Array Improved Terrain Scanner > --- WEAPON ----------- Minigun Enhanced Autogun > --- INVENTORY -------- Light Ion Engine Improved Terrain Scanner [Rating: 21] Favorites ----------- Power Improved Ion Engine Engine Improved Ion Engine Propulsion Improved Aluminum Leg Leg Improved Aluminum Leg Hover Unit Hover Unit Flight Unit Flight Unit Utility Sensor Array Device Sensor Array Storage Medium Matter Pod Processor Visual Processing Unit Hackware Hacking Suite Weapon Light Assault Rifle Energy Gun Particle Gun Ballistic Gun Light Assault Rifle Build | -11 -10 -9 -8 -8 ------- Run | Yrd Mat Mat Mat Gar Slots Evolved 4 | . . 2 2 . Power . | . . . . . Propulsion 2 | . . 2 . . Utility 2 | . . . 2 . Weapon . | . . . . . Parts Attached 48 | 6 8 7 17 10 Power 6 | 1 1 . 3 1 Engine 6 | 1 1 . 3 1 Core . | . . . . . Reactor . | . . . . . Propulsion 23 | 2 5 6 5 5 Treads . | . . . . . Leg 13 | 2 . 3 5 3 Wheel . | . . . . . Hover 6 | . 3 3 . . Flight 4 | . 2 . . 2 Utility 8 | 1 2 1 3 1 Device 3 | . 1 . 2 . Storage 2 | 1 . . . 1 Processor 2 | . 1 . 1 . Hackware 1 | . . 1 . . Protection . | . . . . . Artifact . | . . . . . Weapon 11 | 2 . . 6 3 Energy Gun 2 | . . . 1 1 Energy Cannon . | . . . . . Ballistic Gun 9 | 2 . . 5 2 Ballistic Cannon . | . . . . . Launcher . | . . . . . Special Weapon . | . . . . . Impact Weapon . | . . . . . Slashing Weapon . | . . . . . Piercing Weapon . | . . . . . Special Melee Weapon . | . . . . . Unidentified Prototypes 1 | . . . 1 . Parts Lost 20 | . . 8 . 12 Power 2 | . . 1 . 1 Propulsion 12 | . . 5 . 7 Utility 2 | . . 1 . 1 Weapon 4 | . . 1 . 3 Highest Loss Streak 8 | . . 8 . 6 To Critical Strikes 1 | . . . . 1 Average Slot Usage (%) 74 | . 94 69 72 72 Engine 8 | . 14 8 7 7 Leg 21 | . 12 5 26 26 Hover 2 | . 8 7 . . Flight 4 | . 7 12 . 4 Device 11 | . 8 11 17 7 Storage 1 | . 5 . . 3 Processor 8 | . 8 4 9 9 Energy Gun 2 | . . . . 5 Ballistic Gun 13 | . 28 15 11 9 Naked Turns . | . . . . . Heaviest Build 15 | 12 12 6 15 15 Greatest Support 46 | 20 20 39 46 46 Greatest Overweight (x) 1 | . . . . 1 Average Overweight (x) . | . . . . . Largest Inventory Capacity 8 | 8 8 5 5 5 Average Capacity 5 | 7 6 5 5 5 Most Carried 5 | 5 5 5 5 5 Average Carried 3 | . 2 2 3 4 Final Capacity 8 | 8 5 5 5 5 Final Carried 5 | . 3 1 5 2 Class Distribution -------------------- 33% | Mutant 32% | Scavenger-Mutant 29% | Scavenger-Skirmisher 3% | Skirmisher Dominant Class ---------------- Mutant | -10/Materials Scavenger-Mutant | -9/Materials Scavenger-Skirmisher | -8/Materials Scavenger-Mutant | -8/Garrison Resources | -11 -10 -9 -8 -8 ----------- Run | Yrd Mat Mat Mat Gar Matter Collected 939 | 203 58 14 394 270 Remotely . | . . . . . Salvage Created 818 | . 110 14 278 416 Parts 54 | . 15 3 12 24 Haulers Intercepted . | . . . . . Recyclers Shooed . | . . . . . Parts Field Recycled . | . . . . . Retrieved Matter . | . . . . . Parts Self-Destructed . | . . . . . Prevented . | . . . . . Kills | -11 -10 -9 -8 -8 ------- Run | Yrd Mat Mat Mat Gar Combat Hostiles Destroyed 18 | . 3 . 4 11 Guns 18 | . 3 . 4 11 Classes Destroyed 7 | . 3 . 3 1 Recycler 1 | . . . 1 . Operator 2 | . 1 1 . . Watcher 2 | . 2 . . . Swarmer 7 | . 3 . . 4 Grunt 7 | . . . 3 4 Duelist 1 | . . . . 1 Sentry 3 | . . . 1 2 Best Kill Streak 6 | . 3 1 2 6 Combat Bots Only 6 | . 3 . 2 6 Max Kills in Single Turn 2 | . 1 1 2 2 Gunslinging 1 | . . . . 1 Exploded . | . . . . . Melee . | . . . . . Uniques/NPCs Destroyed . | . . . . . Combat | -11 -10 -9 -8 -8 -------- Run | Yrd Mat Mat Mat Gar Hostile Shots Fired 268 | . 12 63 31 162 Missed 95 | . 5 23 11 56 Damage Taken 2356 | . 56 553 301 1446 Core 705 | . . 149 33 523 Absorbed by Shields . | . . . . . Regen/Repaired (Parts) 16 | . . . 16 . Core Remaining (%) 87 | 100 100 62 . . Volleys Fired 91 | . 15 8 29 39 Largest 2 | . 2 2 2 2 Hottest 90 | . 40 40 50 90 Shots Fired 165 | . 30 16 46 73 Gun 165 | . 30 16 46 73 Cannon . | . . . . . Launcher . | . . . . . Special . | . . . . . Kinetic 141 | . 30 16 46 49 Thermal 24 | . . . . 24 Explosive . | . . . . . Electromagnetic . | . . . . . Robot Hit Streak 12 | . 3 4 6 12 Robot Miss Streak 6 | . 6 2 5 4 Penetration Max . | . . . . . Secondary Targets 5 | . . . . 5 Max Gunslinging Chain 1 | . . . . 1 Shots Hit Robots 104 | . 14 9 27 54 Core Hits 48 | . 9 7 11 21 Critical Kills 1 | . 1 . . . Critical Parts Destroyed . | . . . . . Critical Strikes 1 | . 1 . . . Destroy 1 | . 1 . . . Melee Attacks . | . . . . . Impact . | . . . . . Slashing . | . . . . . Piercing . | . . . . . Sneak Attacks . | . . . . . Combat Hostiles . | . . . . . Follow-up Attacks . | . . . . . Damage Inflicted 1589 | . 113 162 453 861 Guns 1492 | . 113 69 453 857 Cannons . | . . . . . Explosions . | . . . . . Melee . | . . . . . Ramming 97 | . . 93 . 4 Kinetic 1197 | . 113 69 453 562 Thermal 295 | . . . . 295 Explosive . | . . . . . Electromagnetic . | . . . . . Impact . | . . . . . Slashing . | . . . . . Piercing . | . . . . . Highest Corruption 7 | . . 7 . . Average Corruption 6 | . . 6 . . Corruption Purged . | . . . . . Corruption Blocked . | . . . . . Effects 1 | . . 1 . . Data Loss (major) 1 | . . 1 . . Overload Shots . | . . . . . Overflow Damage . | . . . . . Projectiles . | . . . . . Explosions . | . . . . . Melee . | . . . . . Knockbacks . | . . . . . Impact . | . . . . . Kinetic . | . . . . . Secondary . | . . . . . Self-Inflicted Damage 46 | . . 44 . 2 Shots . | . . . . . Rammed 16 | . . 15 . 1 Targets Rammed 16 | . . 15 . 1 Kicked . | . . . . . Crushed . | . . . . . Highest Temperature 352 | . 8 3 9 352 Average Temperature 96 | . 3 2 6 121 Received Heat Transfer 810 | . . 228 135 447 Effects 3 | . . . . 3 Interference 2 | . . . . 2 Damage (minor) 1 | . . . . 1 Siege Activations . | . . . . . Robots Corrupted . | . . . . . Combat Hostiles . | . . . . . Parts Fried . | . . . . . Impact Corruptions . | . . . . . Robots Melted . | . . . . . Combat Hostiles . | . . . . . Parts Melted 1 | . . . . 1 Heat Transferred 703 | . . . . 703 Parts Sabotaged . | . . . . . Parts Stolen . | . . . . . Parts Stripped . | . . . . . Power Chain Reactions . | . . . . . Alert | -11 -10 -9 -8 -8 ------- Run | Yrd Mat Mat Mat Gar Peak Influence 344 | . 117 234 210 344 Initial 98 | . . 49 98 29 Average 135 | . 54 136 122 191 Maximum Alert Level 1 | . . 1 1 1 Low Security (%) 77 | 100 100 87 98 38 Level 1 22 | . . 12 1 61 Level 2 . | . . . . . Level 3 . | . . . . . Level 4 . | . . . . . Level 5 . | . . . . . High Security . | . . . . . Max Security . | . . . . . Squads Dispatched 6 | . . 5 1 . Investigation 3 | . . 3 . . Extermination . | . . . . . Reinforcement 3 | . . 2 1 . Assault . | . . . . . Garrison . | . . . . . Intercept . | . . . . . Searches Triggered . | . . . . . Construction Impeded . | . . . . . Haulers Reinforced . | . . . . . Active Scanning Responses . | . . . . . Cargo Convoy Interrupts . | . . . . . Stealth | -11 -10 -9 -8 -8 --------- Run | Yrd Mat Mat Mat Gar Distress Signals 2 | . . 2 . . Communications Jammed . | . . . . . Distress Signals . | . . . . . Times Spotted 63 | . 6 24 7 26 Peak Tracking Total 14 | . 3 10 2 14 Tactical Retreats 6 | . . 4 . 2 Traps | -11 -10 -9 -8 -8 ------- Run | Yrd Mat Mat Mat Gar Traps Triggered 5 | . . 1 3 1 Indirectly . | . . . . . Trap Hack Attempts . | . . . . . Triggered . | . . . . . Disarmed . | . . . . . Reprogrammed . | . . . . . Reused . | . . . . . Traps Extracted . | . . . . . Installed . | . . . . . Triggered . | . . . . . Machines | -11 -10 -9 -8 -8 ---------- Run | Yrd Mat Mat Mat Gar Machines Disabled . | . . . . . Max in Single Turn . | . . . . . Machines Repaired . | . . . . . Machines Dismantled . | . . . . . Machines Sabotaged . | . . . . . Overloaded Fab Kills . | . . . . . Hacking | -11 -10 -9 -8 -8 --------- Run | Yrd Mat Mat Mat Gar Machines Accessed 19 | . 6 6 4 3 Terminals 15 | . 6 5 1 3 Fabricators . | . . . . . Repair Stations 1 | . . . 1 . Recycling Units 1 | . . 1 . . Scanalyzers 1 | . . . 1 . Garrison Access 1 | . . . 1 . Total Hacks 42 | . 12 15 8 7 Successful 22 | . 7 9 6 . Failed 20 | . 5 6 2 7 Catastrophic 5 | . . 1 . 4 Database Lockouts . | . . . . . Manual . | . . . . . Terminals 34 | . 12 12 3 7 Fabricators . | . . . . . Repair Stations 2 | . . . 2 . Recycling Units 3 | . . 3 . . Scanalyzers 2 | . . . 2 . Garrison Access 1 | . . . 1 . Terminal Hacks 14 | . 7 6 1 . Record 2 | . 1 1 . . Prototype ID Bank 1 | . . 1 . . Emergency Access Points 1 | . 1 . . . Locate Traps 3 | . 1 1 1 . Dispatch Records 1 | . . 1 . . Surveillance Status 1 | . . 1 . . Hauler Manifests 1 | . 1 . . . Zone Layout 4 | . 3 1 . . Fabricator Hacks . | . . . . . Repair Station Hacks 2 | . . . 2 . Scan Component 1 | . . . 1 . Repair 1 | . . . 1 . Recycling Unit Hacks 3 | . . 3 . . Process 1 | . . 1 . . Report Inventory 1 | . . 1 . . Retrieve Matter 1 | . . 1 . . Scanalyzer 2 | . . . 2 . Insert Component 1 | . . . 1 . Analyze 1 | . . . 1 . Garrison Access Hacks 1 | . . . 1 . Unlock Access 1 | . . . 1 . Unauthorized Hacks . | . . . . . Terminals . | . . . . . Fabricators . | . . . . . Repair Stations . | . . . . . Recycling Units . | . . . . . Scanalyzers . | . . . . . Garrison Access . | . . . . . Data Cores Recovered 2 | . 1 1 . . Used 1 | . . 1 . . Hacking Detections 9 | . 2 4 . 3 Full Trace Events 4 | . . 2 . 2 Feedback Events . | . . . . . Feedback Blocked . | . . . . . Robot Schematics Acquired . | . . . . . Robots Built . | . . . . . Authchips . | . . . . . Time . | . . . . . Total Robot Build Rating . | . . . . . Part Schematics Acquired 1 | . . . 1 . Parts Built . | . . . . . Authchips . | . . . . . Time . | . . . . . Total Part Build Rating . | . . . . . Parts Repaired 1 | . . . 1 . Time 13 | . . . 13 . Parts Recycled . | . . . . . Recycled Matter 11 | . . 11 . . Retrieved Matter 11 | . . 11 . . Retrieved Components . | . . . . . Parts Scanalyzed 1 | . . . 1 . Part Schematics Acquired 1 | . . . 1 . Parts Damaged . | . . . . . Bothacking | -11 -10 -9 -8 -8 ------------ Run | Yrd Mat Mat Mat Gar Used RIF Installer . | . . . . . Robots Hacked . | . . . . . Non-combat . | . . . . . Combat . | . . . . . Robot Hacks Applied . | . . . . . Relay Couplers Released . | . . . . . Fabnet Peak Effective % . | . . . . . Robots Rewired . | . . . . . Allies Hacked . | . . . . . Hacks Repelled . | . . . . . Allies | -11 -10 -9 -8 -8 -------- Run | Yrd Mat Mat Mat Gar Total Allies . | . . . . . Largest Group . | . . . . . Highest-Rated Group . | . . . . . Highest-Rated Ally . | . . . . . Total Orders . | . . . . . Ally Attacks . | . . . . . Total Damage . | . . . . . Kills . | . . . . . Allies Corrupted . | . . . . . Allies Melted . | . . . . . Intel | -11 -10 -9 -8 -8 ------- Run | Yrd Mat Mat Mat Gar Robot Analysis Total . | . . . . . Derelict Logs Recovered . | . . . . . Drone Launches . | . . . . . Drone Recoveries . | . . . . . Exploration | -11 -10 -9 -8 -8 ------------- Run | Yrd Mat Mat Mat Gar Turns Passed 1398 | 38 178 223 499 460 Spaces Moved 1195 | 28 203 344 301 319 Core 19 | 10 . . . 9 Treads . | . . . . . Legs 620 | 18 32 25 301 244 Wheels . | . . . . . Hover 168 | . 67 101 . . Flight 388 | . 104 218 . 66 Fastest Speed 37 | 50 37 37 120 50 Average Speed 84 | 95 56 48 120 105 Slowest Speed 190 | 120 120 120 120 190 Overloaded Moves . | . . . . . Propulsion Burnouts . | . . . . . Robots Hopped 2 | . 1 1 . . Cave-ins Triggered . | . . . . . Exploration Rate (%) 28 | 2 46 30 19 45 Regions Visited 4 Branch Regions . Pre-discovered Areas . | . . . . . Known Exits Taken 2 | . 1 . 1 . Unknown Exits Taken 2 | 1 . 1 . . Scrap Searched . | . . . . . Spaces Dug . | . . . . . Terrain Destroyed . | . . . . . Melee . | . . . . . Projectile . | . . . . . AOE . | . . . . . Terrain Rammed . | . . . . . Walls Destroyed . | . . . . . Machines Disabled . | . . . . . Actions | -11 -10 -9 -8 -8 --------- Run | Yrd Mat Mat Mat Gar Total 1459 | 39 241 387 405 387 Wait 40 | . 1 8 31 . Move 1187 | 27 200 341 301 318 Hop 2 | . 1 1 . . Pick Up 51 | 6 10 5 22 8 Fast Attach . | . . . . . Attach 40 | 6 3 7 15 9 Detach 2 | . . . 1 1 Swap 8 | . 5 . 2 1 Drop 18 | . 6 2 4 6 Fire 91 | . 15 8 29 39 Melee . | . . . . . Ram 16 | . . 15 . 1 Kick . | . . . . . Crush . | . . . . . Escape Stasis 4 | . . . . 4 Rewire . | . . . . . Trap . | . . . . . Miscellaneous . | . . . . . Route ------- -11/Scrapyard -10/Materials -9/Materials -8/Materials -8/Garrison (discovered 1 exit: [*Mat]) History --------- Turn | Location | Event 7 | -11/Scrapyard | Discovered new exit (range 15) 39 | -11/Scrapyard | Entered Materials 198 | -10/Materials | Discovered new exit (range 16) 217 | -10/Materials | Identified exit to Materials 217 | -10/Materials | Entered another Materials area 217 | -9/Materials | Evolved 2 slots: Propulsion x2 419 | -9/Materials | Discovered new exit (range 13) 439 | -9/Materials | Lost 8 parts (1p5n1u1w) 440 | -9/Materials | Entered another Materials area 440 | -8/Materials | Evolved 2 slots: Utility x2 545 | -8/Materials | Repaired Sensor Array 939 | -8/Materials | Identified exit to Garrison 939 | -8/Materials | Entered Garrison 1095 | -8/Garrison | Build established: Scavenger-Skirmisher 1152 | -8/Garrison | Triggered checkpoint 1279 | -8/Garrison | Spotted B-75 Beast 1292 | -8/Garrison | Core integrity fell below 50% 1292 | -8/Garrison | Discovered new exit (range 12) 1299 | -8/Garrison | Attempted to access garrison exit controls, blocked by remote lockdown 1326 | -8/Garrison | Triggered checkpoint 1361 | -8/Garrison | Lost 6 parts (1p2n1u2w) 1364 | -8/Garrison | Triggered checkpoint 1393 | -8/Garrison | Core integrity fell below 20% 1399 | -8/Garrison | Destroyed by X-62 Marksman with Gauss Rifle Last Messages --------------- Imp. Aluminum Leg destroyed. Knocked back. Critical hit (Destroy). Particle Gun destroyed. Imp. Ion Engine destroyed. EXIT=FOUND Attempting to access garrison exit controls... Remote lockdown engaged. Med. Matter Pod destroyed. Beams of light sweep through the air. An alarm sounds. Penetrated by Slug. Flight Unit destroyed. Aluminum Leg destroyed. Slammed into G-47 Trooper. Destabilizing: System interference. Lgt. Assault Rifle temporarily disabled. G-47 Trooper suffers critical hit (Burn). L-31 Rogue destroyed. Switching to secondary target: G-47 Trooper. Map ----- +----------------------------------------------------+ | ?????????????????????????????????????????????????? | | ?????????????????????????????????????????????????? | | ?????????????????????????????????????????????????? | | ?????????????????????????????????????????????????? | | ?????????????????????????????????????????????????? | | ?????????????????????????????????????????????????? | | ?????????????????????????????????????????????????? | | ?????????????????????????????????????????????????? | | ?????????????????????????????????????????????????? | | ?????????????????????????????????????????????????? | | ?????????????????????????????????????????????????? | | ?????????????????????????????????????????????????? | | ?????????????????????????????????????????????????? | | ?????????????????????????????????????????????????? | | ?????????????????????????????????????????????????? | | ?????????????????????????????????????????????????? | | ?????????????????????????????????????????????????? | | ?????????????????????????????#####???????????????? | | ?????????????????????????????# #???????????????? | | ????????????????????????###### ###?????????????? | | ??????????????????????### x #?????????????? | | ??????????????????????#"#Y######## #?????????????? | | ??????????????????????#"gg#??????# #?????????????? | | ??????????????????????#" g#??????# #?????????????? | | ??????????????????????#"gx#??????# #?????????????? | | ??????????????????????#"#@#??????# #?????????????? | | ??????????????????????###+#??????# #?????????????? | | ????????????????????????? ??????# #?????????????? | | ????????????????????????? ##?????# #????????????## | | ??????????????????################ #######??????# | | ??????????????? #??????# | | ??????????????? #??????# | | ??????????????????????####### ###+#### #??????# | | ????????????????????????????# #?# #??# #??????# | | ????????????????????????????# #?# #??# #??????# | | ????????????????????????????# #?# ??# #??????# | | ????????????????????????????# #?? #??# #??????# | | ????????????????????????????# #?? ???#^^######## | | ????????????????????????????# #?? ???# ## ## | | ????????????????????????????# #?? ??## ## ## | | ????????????????????????????# ####### | | ????????????????????????????# | | ????????????????????????????# | | ????????????????????????????########## ## ## | | ???????????????????????????????????### ## ## | | ???????????????????????????????????# | | ???????????????????????????????????# | | ???????????????????????????????????# | | ???????????????????????????????????# = | | ???????????????????????????????????###%!%## ## | +----------------------------------------------------+ Best States ------------- Heat Dissipation 31 Energy Generation 12 Energy Capacity 265 Matter Stores 379 Matter Capacity 400 Sight Range 18 Robot Scan Range 14 Terrain Scan Range 16 Terrain Scan Density 10 Evasion (%) 62 Offensive Hacking 10 Item Schematics ----------------- Particle Gun | -8/Materials | Scanalyzed Robot Schematics ------------------ None Fabricated ------------ Nothing Alien Tech Used ----------------- None Achievements -------------- None Challenges ------------ None Game ------ Seed MiniSurgeInterrupter Manual? 0 Play Time 00:31:21 Cumulative 15.4 hours Start 2024.04.04 @ 14:02:37 End 2024.04.04 @ 14:31:12 Sessions 1 Manual Loads 0 Difficulty Rogue Special Mode None Game No. 17 Rogue 12 Adventurer 5 Explorer 0 Win Type - Total 1 Types 1/0/0/0/0/0/0/0/0 Lore% 10 Gallery% 24 Achievement% 25 Wizard Run 0 Options --------- Layout 1 ASCII 0 Keyboard 0 Movement Mouse Keybinds 0 Fullscreen 1 Font 24/Terminus Map View 50x35 Zoom Use 0% Tactical HUD 0 Map Filters NONE Filters NONE Steam 1 RUN: 9de67609-4d1a-4fea-9308-0c7f6e08493b